APP
JOHNSON CITY CARDINALS @ DANVILLE BRAVES
09/10/2044
 
TOP OF THE 1ST
Johnson City Cardinals batting - Pitching for Danville Braves : RHP Jeremy Mash
Pitching: RHP Jeremy Mash
Batting: RHB Fortunato Fteira 0-0: Ground out U3 (Groundball, 3, EV 103.1 MPH)
Batting: RHB Mario Mendoza 0-0: Foul Ball, location: 2F
0-1: Ball
1-1: SINGLE (Groundball, 4MD, EV 95.6 MPH)
Batting: RHB Joe Alley 0-0: Called Strike
0-1: Ball
1-1: 2-RUN HOME RUN (Flyball, 78XD, EV 101.3 MPH), Distance : 394 ft
Batting: RHB Pat Scaturro 0-0: Ball
1-0: Fly out, F9 (Flyball, 89S, EV 80.0 MPH)
Batting: RHB Tim Cleary 0-0: Called Strike
0-1: Ball
1-1: Ball
2-1: Ball
3-1: Ground out 3-1 (Groundball, 34S, EV 90.0 MPH)
Top of the 1st over - 2 runs, 2 hits, 0 errors, 0 left on base; Johnson City 2 - Danville 0
BOTTOM OF THE 1ST
Danville Braves batting - Pitching for Johnson City Cardinals : RHP Danny Cook
Pitching: RHP Danny Cook
Batting: LHB Erik Gretzky 0-0: Ball
1-0: Ball
2-0: Swinging Strike
2-1: Called Strike
2-2: Ball
3-2: Foul Ball, location: 2F
3-2: Base on Balls
Batting: LHB Oke Monti 0-0: Ball
1-0: Ball
2-0: Ball
3-0: Called Strike
3-1: SINGLE (Line Drive, 56D, EV 100.0 MPH)
Erik Gretzky to second
Batting: LHB Alexis Cantu 0-0: Ball
1-0: Called Strike
1-1: Ball
2-1: Ball
3-1: Base on Balls
Erik Gretzky to third
Oke Monti to second
Batting: RHB Badr al Din Ridha 0-0: Ball
1-0: Foul Ball, location: 2F
1-1: DOUBLE (Line Drive, 7LS, EV 90.6 MPH)
Erik Gretzky scores
Oke Monti scores
Alexis Cantu to third
Batting: RHB Ingidayehu Lagat 0-0: Ball
1-0: Foul Ball, location: 2F
1-1: Ball
2-1: Swinging Strike
2-2: Strikes out swinging
Batting: SHB Jordan Barragan 0-0: Called Strike
0-1: Ground out U3 (Groundball, 3, EV 96.3 MPH)
Batting: RHB Zach Hulme 0-0: Swinging Strike
0-1: Ball
1-1: Ball
2-1: Ground out 6-3 (Groundball, 56, EV 85.0 MPH)
Bottom of the 1st over - 2 runs, 2 hits, 0 errors, 2 left on base; Johnson City 2 - Danville 2
TOP OF THE 2ND
Johnson City Cardinals batting - Pitching for Danville Braves : RHP Jeremy Mash
Batting: RHB Josh Broome 0-0: Called Strike
0-1: Fly out, F3 (Popup, 34, EV 67.5 MPH)
Batting: RHB Brad Payne 0-0: Foul Ball, location: 2F
0-1: Ball
1-1: Foul Ball, location: 2F
1-2: Strikes out swinging
Batting: RHB Chris Jones 0-0: Called Strike
0-1: Reached on error, E5 (Groundball, 56S, EV 85.0 MPH)
Batting: RHB Ray Souza 0-0: Ball
1-0: Fly out, F8 (Flyball, 89XD, EV 88.1 MPH)
Top of the 2nd over - 0 runs, 0 hits, 1 error, 1 left on base; Johnson City 2 - Danville 2
BOTTOM OF THE 2ND
Danville Braves batting - Pitching for Johnson City Cardinals : RHP Danny Cook
Batting: RHB Adonis Jenifer 0-0: Ground out 6-3 (Groundball, 6, EV 90.6 MPH)
Batting: RHB Miguel Vazquez 0-0: Foul Ball, location: 2F
0-1: Called Strike
0-2: Ground out 6-3 (Groundball, 6M, EV 84.4 MPH)
Batting: LHB Erik Gretzky 0-0: Ball
1-0: Ball
2-0: Called Strike
2-1: Ball
3-1: Base on Balls
Batting: LHB Oke Monti 0-0: Ball
1-0: Ball
2-0: Called Strike
2-1: Fly out, F9 (Line Drive, 9, EV 108.8 MPH)
Bottom of the 2nd over - 0 runs, 0 hits, 0 errors, 1 left on base; Johnson City 2 - Danville 2
TOP OF THE 3RD
Johnson City Cardinals batting - Pitching for Danville Braves : RHP Jeremy Mash
Batting: RHB Fortunato Fteira 0-0: Ball
1-0: Swinging Strike
1-1: Ball
2-1: Ball
3-1: Swinging Strike
3-2: Strikes out swinging
Batting: RHB Mario Mendoza 0-0: Foul Ball, location: 2F
0-1: Ball
1-1: Ball
2-1: Ball
3-1: Foul Ball, location: 2F
3-2: Strikes out looking
Batting: RHB Joe Alley 0-0: Ball
1-0: Called Strike
1-1: Ball
2-1: Fly out, F7 (Flyball, 78D, EV 103.8 MPH)
Top of the 3rd over - 0 runs, 0 hits, 0 errors, 0 left on base; Johnson City 2 - Danville 2
BOTTOM OF THE 3RD
Danville Braves batting - Pitching for Johnson City Cardinals : RHP Danny Cook
Batting: LHB Alexis Cantu 0-0: Ball
1-0: Ball
2-0: Ball
3-0: Base on Balls
Batting: RHB Badr al Din Ridha 0-0: Swinging Strike
0-1: Ball
1-1: Ball
2-1: SINGLE (Groundball, 6MD, EV 99.4 MPH)
Alexis Cantu to second
Runner from 2nd tries for 3rd, SAFE, throw by CF made to third
Batting: RHB Ingidayehu Lagat 0-0: Swinging Strike
0-1: Ball
1-1: Called Strike
1-2: Strikes out swinging
Batting: SHB Jordan Barragan 0-0: Ball
1-0: Ball
2-0: Ball
3-0: Called Strike
3-1: Base on Balls
Badr al Din Ridha to second
Batting: RHB Zach Hulme 0-0: Fly out, F3 (Popup, 3F, EV 60.0 MPH)
Batting: RHB Adonis Jenifer 0-0: Ball
1-0: Fly out, F7 (Line Drive, 78M, EV 90.6 MPH)
Bottom of the 3rd over - 0 runs, 1 hit, 0 errors, 3 left on base; Johnson City 2 - Danville 2
TOP OF THE 4TH
Johnson City Cardinals batting - Pitching for Danville Braves : RHP Jeremy Mash
Batting: RHB Pat Scaturro 0-0: Ball
1-0: Ball
2-0: Ball
3-0: Called Strike
3-1: Foul Ball, location: 2F
3-2: Ground out 6-3 (Groundball, 6, EV 83.8 MPH)
Batting: RHB Tim Cleary 0-0: Ball
1-0: Ball
2-0: Ball
3-0: Called Strike
3-1: Called Strike
3-2: Base on Balls
Batting: RHB Josh Broome 0-0: Swinging Strike
0-1: Called Strike
Tim Cleary steals 2nd base
0-2: Foul Ball, location: 2F
0-2: Ball
1-2: Ball
2-2: Foul Ball, location: 2F
2-2: Strikes out swinging
Batting: RHB Brad Payne 0-0: Called Strike
0-1: Foul Ball, location: 2F
0-2: Foul Ball, location: 2F
0-2: Strikes out swinging
Top of the 4th over - 0 runs, 0 hits, 0 errors, 1 left on base; Johnson City 2 - Danville 2
BOTTOM OF THE 4TH
Danville Braves batting - Pitching for Johnson City Cardinals : RHP Danny Cook
Batting: RHB Miguel Vazquez 0-0: Called Strike
0-1: Called Strike
0-2: Ball
1-2: Fly out, F9 (Flyball, 9LM, EV 74.4 MPH)
Batting: LHB Erik Gretzky 0-0: SOLO HOME RUN (Flyball, 8RXD, EV 115.6 MPH), Distance : 449 ft
Batting: LHB Oke Monti 0-0: Ball
1-0: Foul Ball, location: 2F
1-1: Ball
2-1: Swinging Strike
2-2: Ball
3-2: Base on Balls
Pitching: LHP Carlos Salcido
Batting: LHB Alexis Cantu Pickoff Throw to First - Out! 1-3
0-0: Called Strike
0-1: Ball
1-1: Swinging Strike
1-2: Strikes out swinging
Bottom of the 4th over - 1 run, 1 hit, 0 errors, 0 left on base; Johnson City 2 - Danville 3
TOP OF THE 5TH
Johnson City Cardinals batting - Pitching for Danville Braves : RHP Jeremy Mash
Batting: RHB Chris Jones 0-0: Ground out 4-3 (Groundball, 4, EV 108.8 MPH)
Batting: RHB Ray Souza 0-0: Foul Ball, location: 2F
0-1: Foul Ball, location: 2F
0-2: Foul Ball, location: 2F
0-2: Ball
1-2: Ground out 6-3 (Groundball, P, EV 92.5 MPH)
Batting: RHB Fortunato Fteira 0-0: Ball
1-0: Foul Ball, location: 2F
1-1: Ball
2-1: Ball
3-1: Foul Ball, location: 2F
3-2: Base on Balls
Batting: RHB Mario Mendoza 0-0: Called Strike
Fortunato Fteira steals 2nd base (no throw)
0-1: Swinging Strike
0-2: Strikes out looking
Top of the 5th over - 0 runs, 0 hits, 0 errors, 1 left on base; Johnson City 2 - Danville 3
BOTTOM OF THE 5TH
Danville Braves batting - Pitching for Johnson City Cardinals : LHP Carlos Salcido
Batting: RHB Badr al Din Ridha 0-0: Foul Ball, location: 2F
0-1: Called Strike
0-2: Fly out, F7 (Flyball, 7LM, EV 65.0 MPH)
Batting: RHB Ingidayehu Lagat 0-0: Ball
1-0: Ball
2-0: Called Strike
2-1: SINGLE (Line Drive, 89S, EV 90.6 MPH)
Batting: SHB Jordan Barragan 0-0: Called Strike
0-1: Called Strike
0-2: Strikes out looking
Batting: RHB Zach Hulme 0-0: Ball
1-0: Fly out, F7 (Flyball, 78S, EV 88.8 MPH)
Bottom of the 5th over - 0 runs, 1 hit, 0 errors, 1 left on base; Johnson City 2 - Danville 3
TOP OF THE 6TH
Johnson City Cardinals batting - Pitching for Danville Braves : RHP Jeremy Mash
Batting: RHB Joe Alley 0-0: Fly out, F7 (Flyball, 7LM, EV 91.3 MPH)
Batting: RHB Pat Scaturro 0-0: Foul Ball, location: 2F
0-1: Swinging Strike
0-2: Ball
1-2: Ball
2-2: Ground out 1-3 (Groundball, 15S, EV 62.5 MPH)
Batting: RHB Tim Cleary 0-0: Ball
1-0: Ball
2-0: Ball
3-0: Base on Balls
Pitching: RHP Seriozha Darzinsh
Batting: RHB Josh Broome 0-0: Called Strike
0-1: Ball
Wild Pitch!
Tim Cleary to second
1-1: Foul Ball, location: 2F
1-2: Ground out 6-3 (Groundball, 6, EV 84.4 MPH)
Top of the 6th over - 0 runs, 0 hits, 0 errors, 1 left on base; Johnson City 2 - Danville 3
BOTTOM OF THE 6TH
Danville Braves batting - Pitching for Johnson City Cardinals : LHP Carlos Salcido
Batting: RHB Adonis Jenifer 0-0: Foul Ball, location: 2F
0-1: Ball
1-1: SINGLE (Flyball, 5D, EV 89.4 MPH)
Batting: RHB Miguel Vazquez 0-0: Called Strike
0-1: Ball
1-1: Ball
2-1: Swinging Strike
2-2: Strikes out swinging
Batting: LHB Erik Gretzky 0-0: Ball
1-0: Fly out, F8 (Flyball, 89XD, EV 87.5 MPH)
Batting: LHB Oke Monti 0-0: Ball
1-0: Ball
2-0: Foul Ball, location: 2F
2-1: Foul Ball, location: 2F
2-2: SINGLE (Groundball, 34D, EV 100.6 MPH)
Adonis Jenifer to second
Runner from 2nd tries for 3rd, OUT! 9-5
Bottom of the 6th over - 0 runs, 2 hits, 0 errors, 1 left on base; Johnson City 2 - Danville 3
TOP OF THE 7TH
Johnson City Cardinals batting - Pitching for Danville Braves : RHP Seriozha Darzinsh
Batting: RHB Brad Payne 0-0: Called Strike
0-1: Ball
1-1: Ground out 6-3 (Groundball, 56, EV 88.8 MPH)
Batting: RHB Chris Jones 0-0: Ball
1-0: Ball
2-0: Ball
3-0: Called Strike
3-1: Ground out 5-3 (Groundball, 5, EV 79.4 MPH)
Batting: RHB Ray Souza 0-0: Ball
1-0: Ground out 6-3 (Groundball, 6, EV 77.5 MPH)
Top of the 7th over - 0 runs, 0 hits, 0 errors, 0 left on base; Johnson City 2 - Danville 3
BOTTOM OF THE 7TH
Danville Braves batting - Pitching for Johnson City Cardinals : LHP Carlos Salcido
Pitching: LHP Kevin Turner
Batting: LHB Alexis Cantu 0-0: Swinging Strike
0-1: Swinging Strike
0-2: Strikes out swinging
Batting: RHB Badr al Din Ridha 0-0: Swinging Strike
0-1: Foul Ball, location: 2F
0-2: Ball
1-2: Fly out, F7 (Flyball, 78M, EV 90.0 MPH)
Batting: RHB Ingidayehu Lagat 0-0: Ball
1-0: Swinging Strike
1-1: Called Strike
1-2: Foul Ball, location: 2F
1-2: Ball
2-2: Ball
3-2: Base on Balls
Batting: SHB Jordan Barragan 0-0: Swinging Strike
0-1: Ball
1-1: Fly out, F8 (Line Drive, 8RD, EV 100.0 MPH)
Bottom of the 7th over - 0 runs, 0 hits, 0 errors, 1 left on base; Johnson City 2 - Danville 3
TOP OF THE 8TH
Johnson City Cardinals batting - Pitching for Danville Braves : RHP Seriozha Darzinsh
Pitching: RHP Jeremy Armstrong
Batting: RHB Fortunato Fteira 0-0: Foul Ball, location: 2F
0-1: DOUBLE (Popup, 6MD, EV 61.3 MPH)
Batting: RHB Mario Mendoza 0-0: Called Strike
0-1: Ball
1-1: Ball
2-1: Foul Ball, location: 2F
2-2: Ball
3-2: SINGLE (Line Drive, 8LS, EV 100.0 MPH)
Fortunato Fteira to third
Runner from 3rd tries for Home, SAFE, throw by CF to home
Batting: RHB Joe Alley 0-0: Called Strike
0-1: Foul Ball, location: 2F
0-2: Ball
1-2: Strikes out swinging
Batting: RHB Pat Scaturro 0-0: Ball
Mario Mendoza steals 2nd base
1-0: Swinging Strike
1-1: Swinging Strike
1-2: Strikes out swinging
Batting: RHB Tim Cleary 0-0: Called Strike
0-1: Foul Ball, location: 2F
0-2: Foul Ball, location: 2F
0-2: Single, Error in OF, E9, batter to second base (Line Drive, 34D, EV 99.4 MPH)
Mario Mendoza scores
Batting: RHB Josh Broome 0-0: Reached on error, E5 (Groundball, 5S, EV 73.1 MPH)
Tim Cleary to third
Batting: RHB Brad Payne 0-0: Foul Ball, location: 2F
0-1: Foul Ball, location: 2F
0-2: Ball
1-2: Fly out, F8 (Line Drive, 8LM, EV 98.1 MPH)
Top of the 8th over - 2 runs, 3 hits, 2 errors, 2 left on base; Johnson City 4 - Danville 3
BOTTOM OF THE 8TH
Danville Braves batting - Pitching for Johnson City Cardinals : LHP Kevin Turner
Pitching: RHP Austin Akers
Batting: RHB Zach Hulme 0-0: Ball
1-0: Fly out, F9 (Flyball, 89S, EV 86.3 MPH)
Batting: RHB Adonis Jenifer 0-0: Called Strike
0-1: Swinging Strike
0-2: Ball
1-2: Strikes out looking
Batting: RHB Miguel Vazquez 0-0: Ball
1-0: Ball
2-0: Ball
3-0: Base on Balls
Pitching: LHP Juan Velez
Batting: LHB Erik Gretzky 0-0: Called Strike
0-1: Ground out 5-3 (Groundball, 56S, EV 74.4 MPH)
Bottom of the 8th over - 0 runs, 0 hits, 0 errors, 1 left on base; Johnson City 4 - Danville 3
TOP OF THE 9TH
Johnson City Cardinals batting - Pitching for Danville Braves : RHP Jeremy Armstrong
Pitching: RHP Gordon Cushing
Batting: RHB Chris Jones 0-0: SINGLE (Flyball, 9S, EV 87.5 MPH)
Batting: RHB Ray Souza 0-0: Sac Bunt to P - play at first, batter OUT! 1-4
Chris Jones to second
Batting: RHB Fortunato Fteira 0-0: Ball
1-0: Called Strike
1-1: Ball
2-1: Ball
3-1: Called Strike
3-2: Foul Ball, location: 2F
3-2: Foul Ball, location: 2F
3-2: Base on Balls
Batting: RHB Mario Mendoza 0-0: Called Strike
0-1: Ball
1-1: Ball
2-1: Ball
3-1: Base on Balls
Chris Jones to third
Fortunato Fteira to second
Batting: RHB Joe Alley 0-0: Ball
1-0: Called Strike
1-1: Called Strike
1-2: Ball
2-2: SINGLE (Flyball, 56D, EV 96.3 MPH)
Chris Jones scores
Fortunato Fteira to third
Mario Mendoza to second
Runner from 3rd tries for Home, throw by LF and OUT! 7-2
Mario Mendoza to third
Joe Alley to second
Batting: RHB Pat Scaturro 0-0: Ball
1-0: Foul Ball, location: 2F
1-1: Ball
2-1: Ground out 6-3 (Groundball, 6, EV 83.1 MPH)
Top of the 9th over - 1 run, 2 hits, 0 errors, 2 left on base; Johnson City 5 - Danville 3
BOTTOM OF THE 9TH
Danville Braves batting - Pitching for Johnson City Cardinals : LHP Juan Velez
Pitching: RHP Ricky Enriquez
Batting: LHB Oke Monti 0-0: Foul Ball, location: 2F
0-1: Ball
1-1: Fly out, F8 (Flyball, 8RD, EV 104.4 MPH)
Batting: LHB Alexis Cantu 0-0: Fly out, F8 (Line Drive, 8RD, EV 97.5 MPH)
Batting: RHB Badr al Din Ridha 0-0: Foul Ball, location: 2F
0-1: Ball
1-1: Ball
2-1: DOUBLE (Groundball, 5L, EV 105.6 MPH)
Batting: RHB Ingidayehu Lagat 0-0: Called Strike
0-1: Ball
1-1: Foul Ball, location: 2F
1-2: Foul Ball, location: 2F
1-2: SINGLE (Groundball, 6MD, EV 100.6 MPH)
Badr al Din Ridha to third
Batting: SHB Jordan Barragan 0-0: Ball
1-0: Ball
2-0: Ball
3-0: Base on Balls
Ingidayehu Lagat to second
Batting: RHB Zach Hulme 0-0: Called Strike
0-1: Foul Ball, location: 2F
0-2: Foul Ball, location: 2F
0-2: Ball
1-2: Strikes out swinging
Bottom of the 9th over - 0 runs, 2 hits, 0 errors, 3 left on base; Johnson City 5 - Danville 3
Thursday, March 31st , 2022 - OOTP Baseball 22.12 Build 89